 Dungeon Crawl Stone Soup version 0.24.1-8-ga250c9d538 (webtiles) character file.

Game seed: 17276875608166230728, levelgen mode: deterministic

112 Hugehornet the Insei (level 4, 0/28 HPs)
             Began as an Octopode Transmuter on May 9, 2020.
             Was a Believer of Cheibriados.
             Slain by an ufetubus (1 damage)
             ... summoned by Eustachio
             ... on level 4 of the Dungeon.
             The game lasted 00:06:00 (3622 turns).

Hugehornet the Insei (Octopode Transmuter)          Turns: 3622, Time: 00:06:01

Health: 0/28       AC:  1    Str: 13      XL:     4   Next: 95%
Magic:  7/8        EV: 13    Int: 20      God:    Cheibriados [**....]
Gold:   169        SH:  0    Dex: 14 (16) Spells: 3/9 levels left

rFire    . . .     SeeInvis .     - Unarmed
rCold    . . .     Gourm    +   (no shield)
rNeg     . . .     Faith    .   (helmet restricted)
rPois    .         Spirit   .   i - amulet of the gourmand
rElec    .         Reflect  .   (no ring)
rCorr    .         Harm     .   (no ring)
MR       .....                  (no ring)
Stlth    ++........             (no ring)
HPRegen  0.09/turn              (no ring)
MPRegen  0.11/turn              (no ring)
                                (no ring)
                                (no ring)

@: very slow
A: almost no armour, stealthy swim, amphibious, 8 rings, constrict 8, camouflage
1, gelatinous body 1
a: Bend Time, Renounce Religion


You were on level 4 of the Dungeon.
You worshipped Cheibriados.
Cheibriados was pleased with you.
You were not hungry.

You visited 1 branch of the dungeon, and saw 4 of its levels.

You collected 169 gold pieces.

Inventory:

Missiles
 a - 23 arrows
Jewellery
 i - an amulet of the gourmand (around mantle)
 m - an uncursed ring of fire
 q - an uncursed amulet of the acrobat
 r - an uncursed amulet of harm
Scrolls
 h - a scroll of teleportation
 l - 3 scrolls of blinking
 o - 2 scrolls of enchant armour
 p - a scroll of noise {unknown}
Potions
 b - a potion of berserk rage {unknown}
 d - a potion of mutation {unknown}
 e - a potion of degeneration {unknown}
 f - 3 potions of lignification {unknown}
 g - a potion of might
 j - 3 potions of haste {unknown}
 n - 2 potions of curing {unknown}
Comestibles
 c - 4 rations


   Skills:
 - Level 1.0 Fighting
 - Level 2.0 Dodging
 + Level 3.4 Unarmed Combat
 - Level 3.0 Spellcasting
 - Level 3.0 Transmutations
 * Level 2.6 Poison Magic


You had 3 spell levels left.
You knew the following spells:

 Your Spells              Type           Power        Failure   Level  Hunger
a - Beastly Appendage     Tmut           ###...       4%          1    None
b - Sticks to Snakes      Tmut           ###.....     6%          2    ##.....
c - Spider Form           Tmut/Pois      ##........   14%         3    ###....

Your spell library contained the following spells:

 Spells                   Type           Power        Failure   Level  Hunger
 Ice Form                 Ice/Tmut       #.......     58%         4    ####...
 Blade Hands              Tmut           ###.......   75%         5    ######.


Dungeon Overview and Level Annotations

Branches:
Dungeon (4/15)
 Temple: D:4-7

Altars:
Cheibriados
Gozag
Kikubaaqudgha
Makhleb

Annotations:
D:4 1 runed translucent door, Eustachio; harkrass's ghost, amateur MiFi


Innate Abilities, Weirdness & Mutations

You cannot wear most types of armour.
You are very stealthy in the water. (Stealth+)
You are amphibious.
You can wear up to eight rings at the same time.
You can use your tentacles to constrict eight enemies at once.
Your skin changes colour to match your surroundings (Stealth+).
Your rubbery body absorbs attacks. (AC +1, EV +1)


Message History

The quasit bites you but does no damage.
The quasit claws you.
* * * LOW HITPOINT WARNING * * *
The quasit claws you.
* * * LOW HITPOINT WARNING * * *
The ufetubus completely misses you. The ufetubus closely misses you.
The quasit disappears in a puff of smoke!
The ufetubus barely misses you. The ufetubus completely misses you.
Your transformation has ended.
The ufetubus closely misses you. The ufetubus barely misses you.
The ufetubus misses you.
The ufetubus hits you but does no damage.
The quokka closely misses you.
There is a stone staircase leading up here.
The ufetubus hits you.
* * * LOW HITPOINT WARNING * * *
The ufetubus closely misses you. The rat bites you.
* * * LOW HITPOINT WARNING * * *
The quokka closely misses you. The ufetubus hits you.
You die...

#...##..#...##........#.#..
##.......#.....#.....#......
#........#.###.#...#.#.....
####........##....###.#.#..#
##........##.##....##....#..##
#........#.#.............#....
##...##.......##...##.......#.
##....##.....r............##.
##...........@rZ...#....#..##.
#.............5§.§......#..##.
###............§.§.##.......##
#..........###.§..##.........
##.##.<...##W##...#..........
.......#..##...##.............
........#.##.....##.(.......#..
..##......#⌠.!♣%.⌠#@..###.....#
..........##.....##...##...####


You could see Eustachio, harkrass's ghost, an ufetubus, a quokka, a rat and an
adder skeleton.

Vanquished Creatures
  A hound skeleton (D:3)
  2 adders
  2 worms
  A dart slug (D:2)
  4 leopard geckos
  An orc (D:4)
  A ball python (D:4)
  2 giant cockroaches
  6 goblins
  10 hobgoblins
  4 jackals (D:3)
  8 kobolds
  A quokka (D:4)
  11 bats
  3 frilled lizards
  10 rats
  2 bushes (D:2)
69 creatures vanquished.

Notes
Turn   | Place    | Note
-------+----------+-------------------------------------------
     0 | D:1      | Hugehornet the Octopode Transmuter began the quest for the
                  | Orb.
     0 | D:1      | Reached XP level 1. HP: 13/13 MP: 3/3
   356 | D:1      | Reached XP level 2. HP: 14/18 MP: 3/5
   360 | D:1      | Learned a level 2 spell: Sticks to Snakes
  1220 | D:2      | Reached XP level 3. HP: 15/23 MP: 5/7
  1225 | D:2      | Learned a level 3 spell: Spider Form
  1500 | D:2      | Found an opulent altar of Gozag.
  1604 | D:2      | Found an ancient bone altar of Kikubaaqudgha.
  1606 | D:2      | Found a burning altar of Makhleb.
  1607 | D:2      | Found a snail-covered altar of Cheibriados.
  1678 | D:2      | Became a worshipper of Cheibriados the Contemplative
  1991 | D:2      | Reached skill level 1 in Poison Magic
  2022 | D:2      | Reached XP level 4. HP: 24/28 MP: 8/8
  2375 | D:3      | Reached * piety under Cheibriados
  3339 | D:4      | Found a runed translucent door.
  3339 | D:4      | Noticed harkrass's ghost (amateur MiFi)
  3597 | D:4      | Noticed Eustachio
  3605 | D:4      | Reached ** piety under Cheibriados
  3622 | D:4      | HP: 1/28 [rat[Eustachio] (1)]
  3622 | D:4      | Slain by an ufetubus

Levels and vault maps discovered:
D:1:      minmay_arrival_four_loops, layout_loops_ring, grunt_decor_one_mirror,
          chequers_serial_rivers_room_a
D:2:      layout_rooms, grunt_gozag_breadcrumbs,
          gammafunk_temple_overflow_forgotten
D:3:      layout_rooms, first_ration, minmay_cupped
D:4:      layout_cave_pools, minmay_temple_entry_mini_moons,
          hellmonk_ghost_happy_afterlife, grunt_decor_cap,
          hangedman_decor_growths, kennysheep_generic_room_12, uniq_eustachio,
          uniq_blork_the_orc

Skill      XL: |  1  2  3  4 |
---------------+-------------+-----
Transmutations | 3 |  3.0
Poison Magic   | 1 2 |  2.6
Spellcasting   | 3 |  3.0
Fighting       | |  1.0
Dodging        | |  2.0
Unarmed Combat | |  3.4

Action                   |  1- 3 |  4- 6 || total
-------------------------+-------+-------++-------
Melee: Unarmed           |    83 |   235 ||   318
       Kick              |    25 |    34 ||    59
       Constrict         |    27 |    18 ||    45
       Tentacles         |     8 |    80 ||    88
       Punch             |     1 |     9 ||    10
 Cast: Beastly Appendage |    25 |    17 ||    42
       Spider Form       |       |     1 ||     1
  Use: Scroll            |       |     5 ||     5
 Stab: Sleeping          |    11 |     2 ||    13
  Eat: Chunk             |     4 |     1 ||     5
       Ration            |       |     1 ||     1
Armor: Skin              |     3 |    14 ||    17
Dodge: Dodged            |    43 |    94 ||   137
